 Dungeon Crawl Stone Soup version 0.27.0-1-g7a089689b8 (webtiles) character file.

Game seed: 3130980233385820213

138 fiver49 the Sneak (level 5, -3/36 HPs)
             Began as a Formicid Brigand on Aug 13, 2021.
             Was a Plaything of Xom.
             Slain by a phantom (7 damage)
             ... on level 4 of the Dungeon.
             The game lasted 00:06:03 (3055 turns).

fiver49 the Sneak (Formicid Brigand)                Turns: 3055, Time: 00:06:03

Health: -3/36      AC:  7    Str: 14    XL:     5   Next: 45%
Magic:  5/5        EV: 11    Int: 11    God:    Xom [.....*]
Gold:   135        SH:  0    Dex: 12    Spells: 4/4 levels left

rFire    . . .     SeeInvis +   x - +4 dagger (venom)
rCold    . . .     Faith    .   (no shield)
rNeg     . . .     Spirit   .   l - +0 ring mail
rPois    .         Reflect  .   (helmet unavailable)
rElec    .         Harm     .   c - +0 cloak
rCorr    .         Rampage  .   q - +0 pair of gloves
Will     .....                  (no boots)
Stlth    ++........             (no amulet)
HPRegen  0.12/turn              (no ring)
MPRegen  0.09/turn              (no ring)

@: no status effects
A: permanent stasis, dig shafts and tunnels, antennae 3, four strong arms, frail
1, weak 1
a: Dig, Shaft Self, Renounce Religion


You were on level 4 of the Dungeon.
You worshipped Xom.
You were Xom's teddy bear.
You visited 1 branch of the dungeon, and saw 4 of its levels.

You collected 135 gold pieces.

Inventory:

Hand Weapons
 a - a +2 dagger
 x - a +4 dagger of venom (weapon)
   (You took it off a goblin on level 2 of the Dungeon)
Missiles
 d - 9 poisoned darts (quivered)
 e - 2 curare-tipped darts
 h - 4 atropa-tipped darts
Armour
 b - a +0 robe
 c - a +0 cloak (worn)
 l - a +0 ring mail (worn)
   (You found it on level 1 of the Dungeon)
 q - a +0 pair of gloves (worn)
   (You found it on level 2 of the Dungeon)
Jewellery
 r - a ring of protection from fire
   (You found it on level 2 of the Dungeon)
 t - a ring of wizardry
   (You found it on level 2 of the Dungeon)
Scrolls
 f - a scroll of enchant weapon {unknown}
 i - a scroll of holy word {unknown}
 j - a scroll of enchant armour {unknown}
 k - a scroll of immolation {unknown}
 o - a scroll of teleportation {unknown}
 s - 4 scrolls of identify {unknown}
 u - a scroll of fear {unknown}
 v - 3 scrolls of amnesia {unknown}
 A - a scroll of fog {unknown}
 B - a scroll of noise {unknown}
 D - a scroll of silence {unknown}
Potions
 g - a potion of haste {unknown}
 m - a potion of ambrosia {unknown}
 n - a potion of mutation {unknown}
 p - a potion of resistance {unknown}
 w - 3 potions of curing {unknown}
 z - a potion of attraction {unknown}
 C - a potion of lignification {unknown}


   Skills:
 - Level 3.0 Fighting
 - Level 2.0(2.7) Short Blades
 + Level 2.9(3.2) Long Blades
 - Level 2.0 Throwing
 - Level 2.0 Armour
 - Level 2.0 Dodging
 - Level 5.0 Stealth


You had 4 spell levels left.
You didn't know any spells.
Your spell library contained the following spells:

 Spells                   Type           Power      Damage    Failure   Level
 Corpse Rot               Necr/Air       N/A        N/A       71%         2
 Poisonous Vapours        Pois/Air       0%         N/A       71%         2
 Frozen Ramparts          Ice            0%         1d2       91%         3
 Ice Form                 Ice/Tmut       0%         N/A       100%        4
 Summon Ice Beast         Ice/Summ       0%         N/A       100%        4
 Freezing Cloud           Conj/Ice/Air   0%         6-21      100%        5


Dungeon Overview and Level Annotations

Branches:
Dungeon (4/15)
 Temple: D:4-7

Altars:
Xom

Shops:
D:1 *(   D:3 (


Innate Abilities, Weirdness & Mutations

You cannot be hasted, slowed, berserked, paralysed or teleported.
You can dig through walls and to a lower floor.
You have a pair of large antennae on your head. (SInv)
Your four strong arms can wield two-handed weapons with a shield.
You are frail. (-10% HP)
You are weak. (Str -2)


Message History

You hear a shout!
Xom opens a gate.
You are now Xom's teddy bear.
Found a stone staircase leading up.
A kobold comes into view. It is wielding a +0 club.
The howler monkey hoots and howls with incredible vigour!
The kobold throws a poisoned dart.
The poisoned dart closely misses you.
The poisoned dart barely misses your ufetubus.
You hear a shout!
A kobold comes into view. It is wielding a +0 short sword.
The howler monkey hits you.
You puncture the howler monkey!
The howler monkey is poisoned.
The howler monkey is moderately wounded.
The howler monkey hoots and howls with incredible vigour!
You hear a shout!
You hear an angry growl.
You hear an angry hiss.
You miss the kobold.
Your ufetubus hits the howler monkey. x2
The howler monkey dies!
The kobold throws a stone.
The stone closely misses you. The kobold barely misses you.
Your ufetubus hits the kobold.
The kobold dies!
You feel your strength returning.
A hobgoblin comes into view.
Found 21 sling bullets.
Things that are here:
a +0 whip; 3 poisoned darts The kobold throws a stone.
The stone hits you but does no damage. The kobold hits you but does no damage.
Your ufetubus barely misses the kobold.
Your ufetubus hits the kobold.
The kobold dies!
A goblin comes into view. It is wielding a +0 club.
The kobold hits you with a +0 short sword.
You closely miss the kobold. Your ufetubus hits the kobold.
Your ufetubus closely misses the kobold.
The kobold hits you with a +0 short sword.
Your ufetubus hits the kobold.
The kobold dies!
Found 24 stones.
You hit the hobgoblin.
The hobgoblin is poisoned.
The hobgoblin is heavily wounded.
You puncture the hobgoblin!
You kill the hobgoblin!
A ball python comes into view.
You hit the goblin.
You kill the goblin!
Things that are here:
a +0 club; a goblin corpse Your ufetubus closely misses the ball python. x2
A phantom comes into view.
Things that are here:
a +0 whip; 3 poisoned darts The ball python bites you but does no damage.
The ball python grabs you. The ball python constricts you.
Your ufetubus misses the ball python. Your ufetubus hits the ball python.
The ball python bites you but does no damage.
The ball python constricts you.
You puncture the ball python!
You kill the ball python!
The phantom hits your ufetubus.
Your ufetubus hits the phantom.
Your ufetubus barely misses the phantom.
The phantom hits your ufetubus.
You see here a ball python corpse.
Your ufetubus hits the phantom but does no damage.
Your ufetubus barely misses the phantom.
Your ufetubus hits the phantom. Your ufetubus misses the phantom.
Your ufetubus misses the phantom. x2; The phantom hits you.
You hit the phantom.
The phantom is moderately damaged.
Your ufetubus hits the phantom but does no damage.
Your ufetubus hits the phantom. x3
You barely miss the phantom.
The phantom is moderately damaged.
The phantom hits you.
Your ufetubus misses the phantom.
Your ufetubus hits the phantom but does no damage.
You hit the phantom.
The phantom is heavily damaged.
The phantom hits you!
Your ufetubus misses the phantom. Your ufetubus hits the phantom.
You closely miss the phantom.
The phantom is heavily damaged.
Your ufetubus closely misses the phantom.
Your ufetubus completely misses the phantom.
The phantom hits you.
You hit the phantom.
The phantom is heavily damaged.
Your ufetubus hits the phantom. Your ufetubus misses the phantom.
The phantom barely misses your ufetubus.
Your ufetubus hits the phantom.
Your ufetubus completely misses the phantom.
You barely miss the phantom.
The phantom is severely damaged.
Your ufetubus misses the phantom.
Your ufetubus barely misses the phantom.
The phantom hits you!
* * * LOW HITPOINT WARNING * * *
You hit the phantom.
The phantom is almost destroyed.
Your ufetubus closely misses the phantom.
Your ufetubus misses the phantom. The phantom hits you!
You die...

#........ #.###.#
#.......# #.# #.#.
#......)####.###...
#.....).............
#.....)..)......#...
#...............#
..#
#......†...†....#
#...#.........#....
#...#...##.@..+....
#.. #...##5W..#....
#. #...##.<....#..
#...###(###.# #.(.#
#'# ... ... ### ...
{ ...


You could see a phantom (ally target) and a friendly ufetubus (summoned).

Vanquished Creatures
  5 adders
  An adder skeleton (D:2)
  2 dart slugs (D:2)
  An orc (D:3)
  10 ball pythons
  2 endoplasms
  3 giant cockroaches
  6 goblins
  3 hobgoblins
  4 jackals (D:1)
  3 quokkas
  5 bats
  A frilled lizard (D:3)
  3 kobolds
  5 rats
54 creatures vanquished.

Vanquished Creatures (collateral kills)
  A howler monkey (D:4)
  3 kobolds (D:4)
4 creatures vanquished.

Grand Total: 58 creatures vanquished

Notes
Turn   | Place    | Note
-------+----------+-------------------------------------------
     0 | D:1      | fiver49 the Formicid Brigand began the quest for the Orb.
     0 | D:1      | Reached XP level 1. HP: 16/16 MP: 1/1
    43 | D:1      | Found Wyepemo's Assorted Antiques.
    69 | D:1      | Reached skill level 1 in Dodging
   126 | D:1      | Found Patheal's Weapon Boutique.
   391 | D:1      | Reached XP level 2. HP: 23/23 MP: 2/2
   415 | D:1      | Reached skill level 5 in Stealth
   571 | D:1      | Found Lill's Magic Scroll Boutique.
   836 | D:1      | Reached skill level 1 in Armour
   971 | D:2      | Reached XP level 3. HP: 28/28 MP: 3/3
  1269 | D:2      | Reached skill level 3 in Fighting
  1327 | D:2      | Found a faded altar of an unknown god.
  1336 | D:2      | Became a worshipper of Xom of Chaos
  1567 | D:2      | Reached XP level 4. HP: 35/35 MP: 4/4
  1617 | D:2      | HP: 7/35 [poisoned by a goblin]
  1620 | D:2      | HP: 3/35 [poisoned by a goblin]
  1622 | D:2      | HP: 1/35 [poisoned by a goblin]
  2031 | D:2      | Reached skill level 2 in Dodging
  2108 | D:3      | Reached skill level 2 in Armour
  2230 | D:3      | XOM: silly message
  2255 | D:3      | Reached skill level 1 in Long Blades
  2259 | D:3      | XOM: noise
  2548 | D:3      | Found Ciler's Weapon Boutique.
  2615 | D:3      | Reached skill level 2 in Long Blades
  2615 | D:3      | Reached XP level 5. HP: 33/41 MP: 5/5
  2730 | D:3      | XOM: stat loss: -1 Str (15/16)
  3009 | D:4      | XOM: give mutations
  3009 | D:4      | Gained mutation: You are weak. (Str -2) [Xom's mischief]
  3009 | D:4      | Gained mutation: You are frail. (-10% HP) [Xom's mischief]
  3025 | D:4      | XOM: summons friendly ufetubus
  3043 | D:4      | Noticed a phantom
  3054 | D:4      | HP: 4/36 [phantom (7)]
  3055 | D:4      | Slain by a phantom

Illustrated notes

Levels and vault maps discovered:
D:1:      minmay_arrival_wavy_path, layout_basic, serial_shops, shop,
          nicolae_shop_trees, nicolae_lakefront_shop
D:2:      layout_basic, shapermc_ecumenical_altar_flowoftime
D:3:      layout_rooms, serial_shops, nicolae_lakefront_shop,
          small_statue_intersection, st_stairs_11
D:4:      layout_basic, lightli_temple_of_fire, nicolae_zen_rock_garden

Skill      XL: |  1  2  3  4 |
---------------+-------------+-----
Dodging        | 1 2 |  2.0
Stealth        | 5 |  5.0
Armour         | 1 2 |  2.0
Fighting       | 3 |  3.0
Long Blades    | 2 |  2.9
Short Blades   | |  2.0
Throwing       | |  2.0

Action                   |  1- 3 |  4- 6 || total
-------------------------+-------+-------++-------
Melee: Dagger            |    81 |    68 ||   149
Throw: Dart              |    29 |     7 ||    36
 Stab: Sleeping          |     3 |     1 ||     4
       Distracted        |       |     1 ||     1
Armor: Robe              |     5 |       ||     5
       Ring mail         |    27 |    20 ||    47
Dodge: Dodged            |    38 |    27 ||    65

Table legend: (Time is in decaauts)
 A = Elapsed time spent in this place.
 B = Non-inter-level travel time spent in this place.
 C = Inter-level travel time spent in this place.
 D = Time resting spent in this place.
 E = Time spent auto-exploring this place.
 F = Levels seen in this place.
 G = Mean time per level.
                   A        B        C        D        E       F      G
               +--------+--------+--------+--------+--------+-----+--------+
         Total |   3034 |   2986 |     48 |    284 |   2229 |   4 |  758.5 |
       Dungeon |   3034 |   2986 |     48 |    284 |   2229 |   4 |  758.5 |
               +--------+--------+--------+--------+--------+-----+--------+

Top non-repeatable levels by time:
     D:2: 1176 daAuts
     D:1: 883 daAuts
     D:3: 740 daAuts
     D:4: 234 daAuts

Table legend:
 A = Kills in this place as a percentage of kills in entire the game.
 B = Kills by you in this place as a percentage of kills by you in the entire game.
 C = Kills by friends in this place as a percentage of kills by friends in the entire game.
 D = Other kills in this place as a percentage of other kills in the entire game.
 E = Experience gained in this place as a percentage of experience gained in the entire game.
 F = Experience gained in this place divided by the number of levels of this place that you have seen.
                   A       B       C       D       E      F
               +-------+-------+-------+-------+-------+----------------------
         Total | 100.0 | 100.0 | 100.0 |   N/A | 100.0 |  49.5
       Dungeon | 100.0 | 100.0 | 100.0 |   N/A | 100.0 |  49.5
               +-------+-------+-------+-------+-------+----------------------
